 Dungeon Crawl Stone Soup version 0.17-a0-1399-gd5b76e1 (webtiles) character file.

82 urechis the Poker (level 4, -4/33 HPs)
             Began as a Merfolk Gladiator on June 19, 2015.
             Slain by a gnoll
             ... wielding a +0 flail
              (14 damage)
             ... on level 2 of the Dungeon.
             The game lasted 00:01:34 (617 turns).

urechis the Poker (Merfolk Gladiator)                Turns: 617, Time: 00:01:34

Health: -4/33      AC:  4    Str: 15    XL:     4   Next: 43%
Magic:  4/4        EV: 13    Int:  7    God:
Gold:   29         SH:  0    Dex: 15    Spells: 0 memorised, 3 levels left

rFire  . . .     SeeInvis .     a - +0 trident
rCold  . . .     Clarity  .     b - +0 leather armour
rNeg   . . .     SustAt   .     (no shield)
rPois  .         Gourm    .     c - +0 helmet
rElec  .         Spirit   .     (no cloak)
rCorr  .         Warding  .     (no gloves)
rMut   .         Stasis   .     (no boots)
MR     .....                    (no amulet)
Stlth  +.........               (no ring)
                                (no ring)

@: lethally poisoned (-4 -> -7), not resistant to hostile enchantments, very
unstealthy
A: change form in water, swift swim
a: no special abilities


You were on level 2 of the Dungeon.
You were not hungry.

You visited 1 branch of the dungeon, and saw 2 of its levels.

You collected 29 gold pieces.

Inventory:

Hand weapons
 a - a +0 trident (weapon)
Missiles
 d - 3 throwing nets (quivered)
Armour
 b - a +0 leather armour (worn)
 c - a +0 helmet (worn)
Scrolls
 f - a scroll of immolation {unknown}
 h - a scroll of magic mapping {unknown}
 j - a scroll of amnesia {unknown}
 m - a scroll of recharging {unknown}
 o - a scroll of identify {unknown}
Potions
 g - 2 potions of degeneration {unknown}
 i - a potion of agility {unknown}
 k - a potion of haste {unknown}
 p - 2 potions of curing {unknown}
 q - a potion of flight {unknown}
Comestibles
 e - 2 bread rations
 l - a beef jerky
 n - a royal jelly


   Skills:
 - Level 2.1 Fighting
 + Level 7.4 Polearms
 - Level 2.0 Throwing
 - Level 4.0 Dodging


You had 3 spell levels left.
You didn't know any spells.

Dungeon Overview and Level Annotations

Branches:
Dungeon (2/15)

Altars:
Ashenzari


Message History

You closely miss the gnoll.
You feel sick.
You closely miss the gnoll. The gnoll hits you but does no damage.
You hit the gnoll but do no damage.
You feel sick. The gnoll hits you but does no damage.
You are too injured to fight recklessly!
You are too injured to fight recklessly!
You are too injured to fight recklessly!
You are too injured to fight recklessly!
You are too injured to fight recklessly!
You are too injured to fight recklessly!
You are too injured to fight recklessly!
You hit the gnoll.
The gnoll is moderately wounded.
The gnoll closely misses you.
You hit the gnoll.
The gnoll is severely wounded.
You barely miss the gnoll.
The gnoll is severely wounded.
The gnoll hits you with a flail!
You die...

##############
..............
#####.......# ##
#.......# ... #...##.##
.... ######..##...# .....
#....+.##.....
......######.####.#......
......'g@.....# #....._..
......######..# #.#......
..... #..# ####.....
###..#######..# ##...#
#..#........# ##.##
###..#.######.# #.##
#......# #.###### #...
#......######.#>...######
#......).)....#.##..#####


You could see a gnoll.

Vanquished Creatures
  3 adders (D:2)
  2 gnolls (D:2)
  A worm (D:2)
  2 giant geckos (D:1)
  5 bats
  2 giant cockroaches (D:1)
  3 goblins
  3 hobgoblins
  2 jackals (D:1)
  4 kobolds
  A ball python (D:1)
  A giant newt (D:1)
  5 rats
34 creatures vanquished.

Notes
Turn   | Place    | Note
--------------------------------------------------------------
     0 | D:1      | urechis the Merfolk Gladiator began the quest for the Orb.
     0 | D:1      | Reached XP level 1. HP: 16/16 MP: 1/1
    45 | D:1      | Reached skill level 5 in Polearms
    48 | D:1      | Reached XP level 2. HP: 19/22 MP: 2/2
   366 | D:2      | Reached skill level 6 in Polearms
   366 | D:2      | Reached XP level 3. HP: 12/27 MP: 3/3
   480 | D:2      | Found a shattered altar of Ashenzari.
   561 | D:2      | Reached skill level 7 in Polearms
   561 | D:2      | Reached XP level 4. HP: 26/33 MP: 4/4
   617 | D:2      | Slain by a gnoll

Vault maps used:
D:1:      mrwooster_arrival_statue, serial_glass, glass_columns_a,
          glass_columns_a, nrook_mini_backslash, glass_columns_a
D:2:      lemuel_round_altar

Action                   |  1- 3 |  4- 6 || total
-------------------------+-------+-------++-------
Melee: Trident           |   115 |    34 ||   149
